[Event "*** SCC Grand Prix: Titled Tuesday Blitz"]
[Site "Chess.com"]
[Date "2020.07.21"]
[Round "7"]
[White "giantslayer83"]
[Black "FairChess_on_YouTube"]
[Result "0-1"]
[WhiteElo "2740"]
[BlackElo "2988"]
[TimeControl "180+1"]
[EndTime "11:18:02 PDT"]
[Termination "FairChess_on_YouTube won on time"]

1. d4 Nf6 2. c4 e6 3. Nf3 b6 4.
a3 Bb7 5. Nc3 d5 6. cxd5 Nxd5 7.
e3 Be7 8. Bd3 O-O 9. e4 Nxc3 10.
bxc3 c5 11. O-O Nd7 12. Qe2 Rc8 13. Bb2 Qc7 14. Rad1 Qf4 15. d5 exd5 16. exd5 Bd6 17. c4 Rfe8 18. Qc2 Nf8 19. Rfe1 Qh6 20. Qa4 Rxe1+ 21.
Rxe1 a6 22. Qb3 Rb8 23. a4 Ng6 24. Bf5 Nf4 25. g3 Nh3+ 26. Kg2 Ng5 27. h4 Nxf3 28. Qxf3 b5 29. axb5 axb5 30. Bc1 Qf6 31. Bg5 Qd4 32.
Re4 Qb2 33. Bf4 Qf6 34. Bg5 Qb2 35. Be7 Bxe7 36. Rxe7 Qf6 37. Rc7 bxc4 38. Rxc5 Qd6 39. Ra5 g6 40. Be4 Rc8 0-1

[Event "*** SCC Grand Prix: Titled Tuesday Blitz"]
[Site "Chess.com"]
[Date "2020.07.21"]
[Round "7"]
[White "WildTricks"]
[Black "Batsai"]
[Result "1-0"]
[WhiteElo "2507"]
[BlackElo "2363"]
[TimeControl "180+1"]
[EndTime "11:18:02 PDT"]
[Termination "WildTricks won by resignation"]

1. Nf3 Nf6 2. g3 g6 3. b3 Bg7 4. Bb2 O-O 5. Bg2 b6 6. O-O Bb7 7. c4 c5 8. Nc3 Nc6 9. d4 cxd4 10. Nxd4 Rb8 11. Rc1 Nxd4 12. Qxd4 Bxg2 13. Kxg2 d6 14. Rfd1 Qc7 15. f3 Qb7 16. Nd5 Ne8 17. Qd2 Bxb2 18. Qxb2 f6 19. e4 Rf7 20. a4 Nc7 21. h4 Ne6 22. h5 Rg7 23. hxg6 Rxg6 24. Kf2 a6 25. f4 Rg7 26. b4 b5 27. cxb5 axb5 28. a5 Rc8 29.
Rxc8+ Qxc8 30. Rc1 Qa8 31. Qc3 Qa7+ 32. Qe3 Qb7 33. Qb6 Qa8 34. a6 Qe8 35. a7 Qh5 36. a8=Q+ Kf7 37. Kg2 Qe2+ 38. Qf2 Qxe4+ 39. Qf3 Qd4 40.
Re1 Qb2+ 41. Re2 Qd4 42. Qe4 Qc3 43. Qxe6+ Kg6 44. Nxc3 Kh6 45. Qh3+ 1-0

[Event "*** SCC Grand Prix: Titled Tuesday Blitz"]
[Site "Chess.com"]
[Date "2020.07.21"]
[Round "7"]
[White "RubensCezila"]
[Black "SCIM"]
[Result "1-0"]
[WhiteElo "2577"]
[BlackElo "2564"]
[TimeControl "180+1"]
[EndTime "11:18:03 PDT"]
[Termination "RubensCezila won by resignation"]

1. c4 Nf6 2. Nc3 d5 3. e3 c5 4.
cxd5 Nxd5 5. Nf3 Nxc3 6. bxc3 Nc6 7. Bb5 Bd7 8. d4 cxd4 9. Bxc6 Bxc6 10. cxd4 e6 11. O-O Bd6 12. a4 O-O 13. Bd2 Rc8 14.
Qe2 Qd7 15. Qd1 Rfd8 16. Re1 e5 17. dxe5 Bxf3 18. Qxf3 Bxe5 19. Rad1 Qxa4 20. Qxb7 Rc7 21. Qb1 Rcd7 22. Qc1 h5 23. f4 Bc7 24. Re2 Ba5 25. Kf2 Bb6 26. g3 Ba5 27. h4 Bb4 28. e4 Qb5 29. e5 a5 30. Qc2 a4 31. Rb1 Qc5+ 32. Qxc5 Bxc5+ 33. Be3 Bxe3+ 34. Rxe3 Rd2+ 35. Kf3 Ra2 36.
Rb4 Rdd2 37. f5 Rf2+ 38. Ke4 a3 39. e6 fxe6 40. fxe6 Rfe2 41. Ra4 Rxe3+ 42. Kxe3 Ra1 43. Ra8+ Kh7 44. Ke2 Ra2+ 45. Ke1 Ra1+ 46. Kd2 Ra2+ 47. Kd1 Ra1+ 48. Kd2 Ra2+ 49. Kd3 Rg2 50. e7 Rxg3+ 51. Kd4 Rg4+ 52. Kd5 1-0

[Event "*** SCC Grand Prix: Titled Tuesday Blitz"]
[Site "Chess.com"]
[Date "2020.07.21"]
[Round "7"]
[White "Killertoy"]
[Black "Gerodot71"]
[Result "0-1"]
[WhiteElo "2222"]
[BlackElo "2408"]
[TimeControl "180+1"]
[EndTime "11:18:03 PDT"]
[Termination "Gerodot71 won on time"]

1. e4 e5 2. Nf3 Nc6 3. Bb5 a6 4.
Ba4 Nf6 5. O-O Be7 6. Re1 b5 7. Bb3 d6 8. c3 O-O 9. h3 Nb8 10.
d4 Nbd7 11. Nbd2 Bb7 12. Bc2 Re8 13. Nf1 Bf8 14. Ng3 g6 15. b3 Bg7 16. d5 c6 17.
c4 Nb6 18. Rb1 Qc7 19. Bd3 Rad8 20. Qe2 cxd5 21. cxd5 Nbxd5 22. exd5 Nxd5 23. Bb2 Nf4 24. Qc2 Qb8 25. Bf1 Rc8 26. Qd1 h5 27. Ne2 Nd5 28.
Nc3 Nxc3 29. Bxc3 Rxc3 30. a4 b4 31. Nd2 d5 32. Rc1 e4 33. Qe2 Qf4 34. g3 Qf5 35.
Bg2 Bd4 36. Rf1 Rxg3 37. Kh1 Rc3 38. f3 e3 39. Rce1 Qf4 40. Nb1 Be5 0-1

[Event "*** SCC Grand Prix: Titled Tuesday Blitz"]
[Site "Chess.com"]
[Date "2020.07.21"]
[Round "7"]
[White "Jumbo"]
[Black "SantoBlue"]
[Result "0-1"]
[WhiteElo "2851"]
[BlackElo "2752"]
[TimeControl "180+1"]
[EndTime "11:18:04 PDT"]
[Termination "SantoBlue won on time"]

1. Nf3 Nf6 2. c4 b6 3. Nc3 Bb7 4. Qc2 c5 5. e3 d6 6. Be2 Nbd7 7. d4 cxd4 8. exd4 g6 9. d5 Bg7 10. O-O O-O 11. Re1 a6 12. Qd1 Re8 13. Bg5 Nc5 14.
Bf1 Qc7 15. Rc1 Rac8 16. b4 Ncd7 17. Qd2 Qb8 18. h3 Qa8 19. a3 Rc7 20. Nd4 Qc8 21. b5 Nc5 22. Qd1 h6 23. Be3 Qa8 24. a4 e5 25. Nc6 a5 26. g3 Nfd7 27. Bg2 Kh7 28. Rb1 f5 29. Qc2 Rf8 30. Ne2 Qe8 31. f4 e4 32. Bd4 Nd3 33. Red1 N7c5 34. Bxg7 Rxg7 35. Ned4 g5 36. fxg5 Rxg5 37. Kh2 Rfg8 38. Rg1 Bc8 39. Rbf1 Qg6 40. Qe2 Rg7 41. Qe3 Rxg3 42. Qe2 Qg5 0-1

[Event "*** SCC Grand Prix: Titled Tuesday Blitz"]
[Site "Chess.com"]
[Date "2020.07.21"]
[Round "7"]
[White "SHIVACalypso"]
[Black "Margarita2907"]
[Result "1-0"]
[WhiteElo "2357"]
[BlackElo "2102"]
[TimeControl "180+1"]
[EndTime "11:18:05 PDT"]
[Termination "SHIVACalypso won by resignation"]

1. Nf3 d5 2. c4 e6 3. g3 Nf6 4. Bg2 Be7 5. O-O O-O 6. d4 c6 7. Nc3 b6 8. Ne5 Nfd7 9. Nxd7 Nxd7 10. b3 Ba6 11. Qd3 Rc8 12. Rd1 c5 13. dxc5 bxc5 14.
Qd2 d4 15. Na4 Nb6 16. Nxb6 axb6 17. Bb2 Bf6 18. Qc2 Qe7 19. e3 Rfd8 20. exd4 Bxd4 21. Bxd4 cxd4 22. Qe4 e5 23. f4 f6 24. fxe5 fxe5 25. Re1 Re8 26. Rad1 Qc5 27. Qd5+ Qxd5 28. Bxd5+ Kh8 29.
Re4 Rc7 30. Rdxd4 Bb7 31. Bxb7 Rxb7 32. Rxe5 Ra8 33. Red5 Kg8 34. Rd8+ Rxd8 35. Rxd8+ Kf7 36. Rd5 Ra7 37. a4 Re7 38. Rb5 Re6 39. c5 bxc5 40. Rxc5 Re1+ 41. Kg2 Rb1 42. Rb5 Rb2+ 43. Kh3 Kf6 44.
a5 g5 45. Kg4 Rxh2 46. Rxg5 Rb2 47. Rb5 Kg6 48. Rb6+ Kf7 49. a6 Ke7 50. Rb7+ Kd8 51. a7 Ra2 52. Rb8+ 1-0

[Event "*** SCC Grand Prix: Titled Tuesday Blitz"]
[Site "Chess.com"]
[Date "2020.07.21"]
[Round "7"]
[White "LawrenceTrent"]
[Black "wonderfultime"]
[Result "0-1"]
[WhiteElo "2558"]
[BlackElo "2960"]
[TimeControl "180+1"]
[EndTime "11:18:06 PDT"]
[Termination "wonderfultime won by resignation"]

1. d4 d5 2. Bf4 Nf6 3. Nc3 a6 4. e3 e6 5. g4 Bd6 6. Qf3 Bxf4 7.
Qxf4 Qd6 8. h3 Nc6 9. O-O-O h6 10. Nf3 Bd7 11. Ne5 Qe7 12. Bg2 O-O-O 13. Nd3 Kb8 14. Rhe1 Bc8 15. e4 dxe4 16. Nxe4 Rxd4 17. c3 Rdd8 18.
Nec5 Nd5 19. Qg3 Qf6 20. Ne4 Qe7 21. Nec5 g5 22. a3 Qf6 23. c4 Nde7 24. Ne4 Qg7 25. Ndc5 f5 26. Nc3 Qf6 27. Qe3 Nd4 28. Kb1 f4 29.
Qe4 Nec6 30. Ka2 h5 31. gxh5 Rxh5 32. Rxd4 Qxd4 33. Nxa6+ bxa6 34. Qxc6 Qa7 35. Be4 Rxh3 36. Na4 Bb7 37. Qxe6 Bxe4 38. Qxe4 Qb7 39. Qf5 Qb3+ 40. Ka1 Rhd3 41. Nc3 Rxc3 42. bxc3 Qxc3+ 43. Kb1 Qxe1+ 0-1

[Event "*** SCC Grand Prix: Titled Tuesday Blitz"]
[Site "Chess.com"]
[Date "2020.07.21"]
[Round "7"]
[White "QueenOfTactics90"]
[Black "Klaus1995"]
[Result "0-1"]
[WhiteElo "1977"]
[BlackElo "1899"]
[TimeControl "180+1"]
[EndTime "11:18:06 PDT"]
[Termination "Klaus1995 won on time"]

1. e4 c5 2. Nf3 d6 3. d4 cxd4 4. Nxd4 Nf6 5. f3 a6 6. c4 e6 7. Nc3 Be7 8. Be3 Nc6 9. Be2 d5 10. cxd5 exd5 11. exd5 Nxd5 12. Nxd5 Qxd5 13. Nxc6 Qxc6 14.
O-O O-O 15. Rc1 Qg6 16. Bd3 Bf5 17. Bxf5 Qxf5 18. Rc7 Qe5 19. Qc1 Bd6 20. f4 Qe4 21. Rc4 Qe6 22. Re1 Rfe8 23. Kf2 Qg4 24. h3 Qh4+ 25. g3 Qxh3 26. Rh1 Qg4 27. Qc2 g6 28. Qd3 Rad8 29. Rh4 Qe6 30. Qe2 b5 31. Rc3 Bb4 32.
Rd3 Rc8 33. a3 Bc5 34. b4 Bb6 35. g4 Bd8 36. Rh6 Rc4 37. Qf3 Re4 38. f5 Qc4 39.
fxg6 fxg6 40. Rxh7 Rf8 41. Rh8+ Kxh8 42. Qxf8+ Kh7 43. Rd7+ Re7 44. Rxe7+ Bxe7 45. Qxe7+ Kg8 46. Qe8+ Kg7 47. Qe5+ Kh7 0-1

[Event "*** SCC Grand Prix: Titled Tuesday Blitz"]
[Site "Chess.com"]
[Date "2020.07.21"]
[Round "7"]
[White "EvgenyT"]
[Black "platy3"]
[Result "0-1"]
[WhiteElo "2907"]
[BlackElo "2778"]
[TimeControl "180+1"]
[EndTime "11:18:07 PDT"]
[Termination "platy3 won on time"]

1. Nf3 d5 2. e3 c5 3. Bb5+ Bd7 4. Qe2 Nf6 5. O-O e6 6. c4 Bxb5 7. cxb5 Nbd7 8. a4 Bd6 9. d3 O-O 10. b3 e5 11. e4 d4 12. Na3 Re8 13. Nc4 Bf8 14. Bg5 Qc7 15. Nfd2 h6 16. Bh4 g6 17. g4 Nh7 18. Kg2 a6 19. Bg3 axb5 20. axb5 Rxa1 21. Rxa1 Ng5 22. Nf3 Nxf3 23. Qxf3 Be7 24. Qe2 Bg5 25.
Qa2 Bf4 26. Qa5 Qb8 27. Qa7 Qc7 28. b6 Qc6 29. Qa4 Qe6 30. h3 Bxg3 31. fxg3 Kg7 32. Qb5 Rf8 33. Ra7 Rb8 34. b4 cxb4 35.
Qxb4 Qc6 36. h4 Qe6 37. Qb5 Qxg4 38. Qb2 Qe6 39. Ra5 Rc8 40. Rd5 Rc6 41. Qb5 Qg4 42.
Qb2 Rf6 43. Nxe5 Nxe5 44. Rxe5 Qd1 45. Kh2 Qf1 0-1

[Event "*** SCC Grand Prix: Titled Tuesday Blitz"]
[Site "Chess.com"]
[Date "2020.07.21"]
[Round "7"]
[White "AlexTriapishko"]
[Black "Alberquintin"]
[Result "1-0"]
[WhiteElo "2640"]
[BlackElo "2479"]
[TimeControl "180+1"]
[EndTime "11:18:07 PDT"]
[Termination "AlexTriapishko won on time"]

1. e4 e5 2. Nf3 Nc6 3. Bb5 a6 4. Ba4 Nf6 5. O-O Bc5 6. c3 b5 7. Bb3 O-O 8. d4 Bb6 9. a4 Bb7 10. Bg5 h6 11. Bh4 d6 12. axb5 axb5 13. Rxa8 Bxa8 14.
dxe5 Nxe5 15. Nbd2 Ng6 16. Bxf6 Qxf6 17. g3 Re8 18. Kg2 Rxe4 19. Nxe4 Bxe4 20. Bd5 Bf5 21. Re1 Bg4 22. h3 Bd7 23. Qe2 Kh7 24. Be4 Kg8 25.
Nh2 Ne5 26. Ng4 Bxg4 27. hxg4 g6 28. Bf3 Kg7 29. b3 Bc5 30. Rd1 b4 31. c4 Nd7 32.
Bc6 Ne5 33. Bd5 Kf8 34. f4 Nd7 35. Re1 Kg7 36. Qe7 Nb6 37. Qxf6+ Kxf6 38. Bc6 g5 39. Re8 gxf4 40. gxf4 Bd4 41. Kf3 Bc3 42. Ke4 Bd2 43. Rg8 Bc1 44. Rb8 Ke7 45. Rh8 1-0

[Event "*** SCC Grand Prix: Titled Tuesday Blitz"]
[Site "Chess.com"]
[Date "2020.07.21"]
[Round "7"]
[White "sm_sharon"]
[Black "Morshynska"]
[Result "1/2-1/2"]
[WhiteElo "2057"]
[BlackElo "2165"]
[TimeControl "180+1"]
[EndTime "11:18:07 PDT"]
[Termination "Game drawn by repetition"]

1. d4 d5 2. Nf3 Nf6 3. Bf4 e6 4. e3 Bd6 5. Bg3 O-O 6. Bd3 c5 7. c3 b6 8. Nbd2 Ba6 9. Qe2 Bxd3 10.
Qxd3 Nc6 11. O-O Qe7 12. Bxd6 Qxd6 13. Rfe1 e5 14. dxe5 Nxe5 15. Nxe5 Qxe5 16. e4 Rad8 17. exd5 Qxd5 18. Qxd5 Rxd5 19. Nf3 Rfd8 20. Kf1 g6 21. Re7 R5d7 22. Rxd7 Rxd7 23. Ke2 Kf8 24. Rd1 Ke7 25.
Rxd7+ Nxd7 26. Kd3 b5 27. b4 Kd6 28. a3 h6 29. c4 a6 30. h3 g5 31. Kc3 f5 32.
cxb5 axb5 33. bxc5+ Kxc5 34. Nd4 f4 35. Ne6+ Kd6 36. Nd8 Ne5 37. Kb4 Nc6+ 38. Nxc6 Kxc6 39. Kb3 Kc5 40. Kc3 h5 41. g3 fxg3 42. fxg3 h4 43. gxh4 gxh4 44. Kb3 Kc6 45. Kb4 Kb6 46. Kb3 Ka5 47. Kb2 Ka4 48. Ka2 b4 49. axb4 Kxb4 50.
Kb2 Kc4 51. Kc2 Kd4 52. Kd2 Ke4 53. Ke2 Kf4 54. Kf2 Ke4 55. Ke2 Kf4 56. Kf2 Ke4 57.
Ke2 1/2-1/2

[Event "*** SCC Grand Prix: Titled Tuesday Blitz"]
[Site "Chess.com"]
[Date "2020.07.21"]
[Round "7"]
[White "dodorox"]
[Black "KratosKrieg"]
[Result "1-0"]
[WhiteElo "2144"]
[BlackElo "1925"]
[TimeControl "180+1"]
[EndTime "11:18:07 PDT"]
[Termination "dodorox won on time"]

1. d4 d5 2. c4 e6 3. Nc3 Nf6 4. Bg5 Be7 5. Qc2 h6 6. Bh4 O-O 7. e3 b6 8. cxd5 Nxd5 9. Nxd5 exd5 10. Bxe7 Qxe7 11. Rc1 c6 12. Nf3 Bd7 13. Ne5 Rc8 14. Bd3 c5 15. O-O c4 16. Bh7+ Kf8 17. Bf5 Be6 18.
Bxe6 Qxe6 19. Qh7 Nc6 20. Qh8+ Ke7 21. Qxg7 Rg8 22. Nxc6+ Qxc6 23. Qe5+ Qe6 24. Qxe6+ fxe6 25. f3 b5 26. Kf2 b4 27. e4 Kd6 28. exd5 exd5 29. Rfe1 Rge8 30. f4 a5 31. Re5 Rxe5 32.
fxe5+ Ke6 33. Ke2 a4 34. Rf1 a3 35. Rb1 axb2 36. Rxb2 Ra4 37. g4 c3 38. Rc2 Ra3 39. Kd3 b3 40. axb3 Rxb3 41. Rxc3 Rb2 42. Rc6+ Ke7 43.
Rxh6 Rg2 44. h3 Rg3+ 45. Ke2 1-0

[Event "*** SCC Grand Prix: Titled Tuesday Blitz"]
[Site "Chess.com"]
[Date "2020.07.21"]
[Round "7"]
[White "bsnsun"]
[Black "JesseKraai"]
[Result "0-1"]
[WhiteElo "2386"]
[BlackElo "2523"]
[TimeControl "180+1"]
[EndTime "11:18:09 PDT"]
[Termination "JesseKraai won on time"]

1. d4 d6 2. c4 e5 3. dxe5 dxe5 4.
Qxd8+ Kxd8 5. Nc3 c6 6. Nf3 f6 7.
e3 Be6 8. Be2 Nd7 9. O-O Nh6 10.
b3 Kc7 11. Rd1 Be7 12. Bb2 Rad8 13. a3 a5 14. Na4 Nf7 15. Bc3 b6 16. b4 axb4 17.
axb4 Ra8 18. Nb2 Nd6 19. Nd2 b5 20. c5 Nf7 21. Ne4 Bd5 22. Ng3 Be6 23. Ne4 f5 24. Ng3 g6 25. f4 Rhd8 26. Nd3 e4 27. Nf2 Nf6 28. Rxd8 Rxa1+ 29. Bxa1 Bxd8 30. Bc3 Nd5 31. Bd2 Bf6 32. Nd1 h6 33. Nf1 g5 34. g3 g4 35. Kf2 h5 36. h3 Kd7 37. hxg4 hxg4 38.
Be1 Nd8 39. Nd2 Bf7 40. Nb1 Ne6 41. Ndc3 Nec7 42. Nxd5 Nxd5 43. Bd2 Nc7 44. Bd1 Ba2 45. Na3 Ke6 46. Ke1 Kd5 47. Bc2 Bb2 48. Nb1 Kc4 49. Kd1 Nd5 50. Ke2 Nxb4 51. Bxb4 Kxb4 52. Nd2 Bc3 53. Nb1 Bb2 54. Nd2 Kxc5 55. Nb3+ Kb4 56. Nd4 Bxd4 57. exd4 Kc3 0-1

[Event "*** SCC Grand Prix: Titled Tuesday Blitz"]
[Site "Chess.com"]
[Date "2020.07.21"]
[Round "7"]
[White "1977Ivan"]
[Black "Duhless"]
[Result "1/2-1/2"]
[WhiteElo "2724"]
[BlackElo "2962"]
[TimeControl "180+1"]
[EndTime "11:18:11 PDT"]
[Termination "Game drawn by repetition"]

1. d4 Nf6 2. c4 g6 3. Nc3 Bg7 4. e4 d6 5. Nf3 Bg4 6. Be2 Bxf3 7. Bxf3 e5 8. d5 h5 9. b3 Nbd7 10. O-O Bh6 11. Bb2 h4 12. b4 Kf8 13. c5 Kg7 14. Nb5 a6 15. Na3 Nh7 16. Nc4 Ndf6 17. a4 Ng5 18. Re1 b5 19. Na5 Qd7 20. Nc6 Qc8 21.
Ra3 Qb7 22. Qa1 bxa4 23. Nxe5 dxe5 24. Bxe5 Nh7 25. Bxf6+ Nxf6 26. e5 Nxd5 27. e6+ f6 28. e7 Rhe8 29. Re6 Bg5 30. Rxa4 c6 31. Bxd5 cxd5 32.
c6 Qc7 33. Qe1 Ra7 34. g3 hxg3 35. hxg3 f5 36. Qc3+ Kf7 37. Re1 Rxe7 38. Rxe7+ Bxe7 39. Ra5 Qd6 40. b5 Bd8 41. Rxa6 Rxa6 42. bxa6 Qb8 43.
Qc5 Ke6 44. a7 Qb1+ 45. Kg2 Qe4+ 46. Kg1 Qe1+ 47. Kg2 Qe4+ 48. Kf1 Qb1+ 49. Kg2 Qe4+ 1/2-1/2

[Event "*** SCC Grand Prix: Titled Tuesday Blitz"]
[Site "Chess.com"]
[Date "2020.07.21"]
[Round "7"]
[White "DonBroca"]
[Black "politeplayer"]
[Result "1/2-1/2"]
[WhiteElo "2082"]
[BlackElo "2190"]
[TimeControl "180+1"]
[EndTime "11:18:12 PDT"]
[Termination "Game drawn by repetition"]

1. c4 c5 2. Nc3 e6 3. e3 d5 4. d4 Nf6 5. Nf3 a6 6. a4 Nc6 7.
Be2 cxd4 8. exd4 dxc4 9. Bxc4 Bd6 10. O-O O-O 11. Bg5 Qc7 12. Bxf6 gxf6 13. Bb3 Kh8 14. Rc1 Rg8 15. Ne4 Be7 16. d5 exd5 17. Qxd5 Be6 18. Qd3 Rad8 19. Qe3 Bxb3 20. Qxb3 Qf4 21. Ng3 Ne5 22.
Nxe5 fxe5 23. Qxb7 Bf8 24. Qxa6 Rd2 25. Qc6 Be7 26. Qe4 Rxf2 27. Rxf2 Qxc1+ 28. Rf1 Bc5+ 29. Kh1 Qh6 30. Qxe5+ Qg7 31. Qxc5 Qxb2 32. Qf2 Qg7 33. Qxf7 Qxf7 34. Rxf7 Ra8 35. h3 Rxa4 36. Kh2 h5 37. Rf2 h4 38. Ne2 Ra3 39. Rf3 Ra2 40. Rf2 Rd2 41.
Nf4 Rxf2 42. Ng6+ Kh7 43. Nxh4 Rc2 44. Kg3 Ra2 45. Nf3 Ra3 46. Kf4 Ra4+ 47. Kg3 Ra2 48. Nh4 Ra3+ 49. Nf3 Ra2 50. Nh4 Ra3+ 51. Nf3 Ra2 1/2-1/2

[Event "*** SCC Grand Prix: Titled Tuesday Blitz"]
[Site "Chess.com"]
[Date "2020.07.21"]
[Round "7"]
[White "knightmare7724"]
[Black "kingofthenil"]
[Result "1-0"]
[WhiteElo "2605"]
[BlackElo "2440"]
[TimeControl "180+1"]
[EndTime "11:18:14 PDT"]
[Termination "knightmare7724 won on time"]

1. e4 Nc6 2. d4 d5 3. Nc3 dxe4 4. d5 Nb8 5. Nxe4 c6 6. Bc4 cxd5 7. Qxd5 Qxd5 8. Bxd5 e6 9. Bb3 Bd7 10. Nf3 Bc6 11. Ned2 Nd7 12. O-O Bc5 13. Re1 Ngf6 14. c3 O-O 15. Nc4 Bxf3 16. gxf3 Nd5 17. Bg5 h6 18.
Bh4 N7b6 19. Ne5 Be7 20. Bg3 Rfd8 21. Rad1 Rac8 22. a4 Bf6 23. Ng4 Bg5 24. h4 Be7 25. Ne5 Bf6 26. a5 Bxe5 27. Bxe5 Nc4 28. Bxc4 Rxc4 29.
b3 Rcc8 30. c4 Nb4 31. Bc3 Nd3 32. Re2 Nc5 33. Rxd8+ Rxd8 34. b4 Na4 35. Be5 f6 36.
Bg3 Rd4 37. Rc2 e5 38. Kf1 Kf7 39. b5 b6 40. Ke2 Ke6 41. h5 Ke7 42. Ke3 Ke6 43.
f4 Nc5 44. fxe5 fxe5 45. f4 Re4+ 46. Kf3 exf4 47. Bxf4 Rd4 48. Bb8 Rd7 49. Re2+ Kf5 50. a6 Rf7 51. Re5+ Kf6 52. Rd5 Ne6 53. Bd6 1-0

[Event "*** SCC Grand Prix: Titled Tuesday Blitz"]
[Site "Chess.com"]
[Date "2020.07.21"]
[Round "7"]
[White "albano87"]
[Black "chargemax23"]
[Result "1-0"]
[WhiteElo "2416"]
[BlackElo "2596"]
[TimeControl "180+1"]
[EndTime "11:18:14 PDT"]
[Termination "albano87 won on time"]

1. d4 Nf6 2. Nf3 g6 3. g3 Bg7 4.
Bg2 O-O 5. O-O d5 6. c4 c6 7.
cxd5 cxd5 8. Nc3 Nc6 9. Ne5 Na5 10. Bf4 a6 11. Qd2 Be6 12. Bh6 Rc8 13. Bxg7 Kxg7 14.
Rac1 b5 15. b3 Qb6 16. e3 Nb7 17. f3 h5 18. Nd3 Rfd8 19. Nf4 Bf5 20. h3 Qd6 21. g4 hxg4 22. hxg4 Bd7 23. g5 Nh7 24. e4 dxe4 25. fxe4 e5 26. Nfd5 Be6 27. Ne2 Bxd5 28. exd5 Qe7 29. dxe5 Qxe5 30. Rxc8 Rxc8 31. Nd4 Nd8 32. Nf3 Qc3 33. Qf4 Qc5+ 34. Kh1 Qxd5 35. Ne5 Qe6 36. Qd4 Kg8 37. Nd7 Qe7 38. Bh3 Ne6 39.
Ne5 Nxd4 40. Nxg6 fxg6 41. Be6+ Qxe6 42. Rf8+ 1-0

[Event "*** SCC Grand Prix: Titled Tuesday Blitz"]
[Site "Chess.com"]
[Date "2020.07.21"]
[Round "7"]
[White "Chessbard1972"]
[Black "AquivaRubinstein"]
[Result "0-1"]
[WhiteElo "2314"]
[BlackElo "2468"]
[TimeControl "180+1"]
[EndTime "11:18:14 PDT"]
[Termination "AquivaRubinstein won on time"]

1. d4 Nf6 2. c4 e6 3. Nf3 d5 4. Nc3 Be7 5. Bg5 h6 6. Bh4 O-O 7. e3 Ne4 8. Bxe7 Qxe7 9. Rc1 Nxc3 10. Rxc3 dxc4 11. Bxc4 Nd7 12. O-O e5 13. Bb3 exd4 14. exd4 c6 15. Re1 Qf6 16. Ne5 Nxe5 17. dxe5 Qe7 18.
Rd3 Be6 19. Bxe6 Qxe6 20. Rd7 Rab8 21. b3 Rfe8 22. Rd6 Qf5 23. Re3 Rxe5 24. Rf3 Rbe8 25. Rd8 Qe6 26. Rxe8+ Qxe8 27. Re3 Rxe3 28. fxe3 Qxe3+ 29.
Kh1 g6 30. h3 h5 31. Qd8+ Kg7 32. Qd7 Qe1+ 33. Kh2 Qe5+ 34. Kh1 Qb5 35. Qd4+ Kh7 36. Qxa7 c5 37. Qa3 Qc6 38. Qb2 b5 39. Qf2 Kg8 40.
Qf4 c4 41. Qb8+ Kh7 42. Qf8 Qe6 43. bxc4 bxc4 44. Qc5 Qe1+ 45. Kh2 c3 46. Qc7 Kg7 47. a4 Qe3 48. a5 Qd3 49. Qe5+ Kh7 50. Qf6 Kg8 0-1

[Event "*** SCC Grand Prix: Titled Tuesday Blitz"]
[Site "Chess.com"]
[Date "2020.07.21"]
[Round "7"]
[White "JoliyRoger"]
[Black "djano"]
[Result "1/2-1/2"]
[WhiteElo "2320"]
[BlackElo "2454"]
[TimeControl "180+1"]
[EndTime "11:18:14 PDT"]
[Termination "Game drawn by repetition"]

1. Nf3 d5 2. c4 c6 3. e3 Nf6 4. b3 Bg4 5. Bb2 e6 6. d4 Nbd7 7. Nbd2 Bd6 8. Bd3 Qe7 9. Qc2 a5 10. O-O Bh5 11. Ne5 Bg6 12. f4 Bxd3 13. Qxd3 Ba3 14.
Bxa3 Qxa3 15. e4 dxe4 16. Nxe4 Rd8 17. Nxd7 Rxd7 18. Nxf6+ gxf6 19. Qe3 Qb2 20. Rad1 Rg8 21. Rf2 Qa3 22. f5 e5 23. Rfd2 Qe7 24. dxe5 Rxd2 25.
Qxd2 fxe5 26. Qxa5 f6 27. c5 Kf7 28. Qc3 Rd8 29.
Qc4+ Kg7 30. Rxd8 Qxd8 31. h3 Qd2 32. Kh2 Qe3 33. a4 e4 34. a5 Qf4+ 35. Kg1 Qe3+ 36. Kf1 Qf4+ 37. Ke2 Qxf5 38. Ke3 Qg5+ 39. Kxe4 Qxg2+ 40. Kd3 Qxh3+ 41. Kc2 Qh2+ 42. Kc3 Qg3+ 43. Kc2 Qf2+ 44.
Kb1 Qe1+ 45. Kc2 Qxa5 46. Qg4+ Kf8 47. Qc8+ Kg7 48. Qg4+ Kh6 49. Qh4+ Kg6 50. Qg4+ Kf7 51. Qd7+ Kg6 52. Qg4+ Kh6 53. Qh4+ Kg7 54. Qg4+ 1/2-1/2

[Event "*** SCC Grand Prix: Titled Tuesday Blitz"]
[Site "Chess.com"]
[Date "2020.07.21"]
[Round "7"]
[White "anon569"]
[Black "RaphCamora"]
[Result "1-0"]
[WhiteElo "2321"]
[BlackElo "2434"]
[TimeControl "180+1"]
[EndTime "11:18:14 PDT"]
[Termination "anon569 won by checkmate"]

1. e4 c5 2. Nf3 Nc6 3. d4 cxd4 4. Nxd4 Nf6 5. Nc3 e5 6. Ndb5 d6 7. Bg5 a6 8. Na3 b5 9. Nd5 Be7 10. Bxf6 Bxf6 11. c3 Rb8 12. Nc2 Bg5 13. Bd3 O-O 14. O-O a5 15. Qe2 b4 16. Bb5 Bd7 17. Bxc6 Bxc6 18.
c4 Bxd5 19. cxd5 Qc7 20. Ne3 Rfc8 21. Qg4 h6 22. h4 Bxe3 23. fxe3 Qc5 24. Rf3 Rc7 25.
Raf1 Rf8 26. h5 Qa7 27. Rg3 f6 28. Qe6+ Kh8 29. Qxd6 Rcf7 30. Rc1 Qb7 31. Rf3 Qb5 32.
Qc5 Qe2 33. Rf2 Qd3 34. Rc4 Qd1+ 35. Rf1 Qxh5 36. Qxa5 f5 37. Rcc1 fxe4 38. Rxf7 Qxf7 39. Qxb4 Qf2+ 40. Kh1 Rf5 41. Rc8+ Kh7 42. Qxe4 g6 43. Rc7+ Kg8 44. Rc8+ Kf7 45. Rc7+ Ke8 46. Qa4+ Kf8 47.
Qa8# 1-0

[Event "*** SCC Grand Prix: Titled Tuesday Blitz"]
[Site "Chess.com"]
[Date "2020.07.21"]
[Round "7"]
[White "GMKrikor"]
[Black "IMHansNiemann"]
[Result "0-1"]
[WhiteElo "2717"]
[BlackElo "2960"]
[TimeControl "180+1"]
[EndTime "11:18:15 PDT"]
[Termination "IMHansNiemann won on time"]

1. e4 e6 2. d4 d5 3. Nc3 Nf6 4. e5 Nfd7 5. f4 c5 6. Nf3 Nc6 7. Be3 cxd4 8. Nxd4 Bc5 9. Qd2 O-O 10. O-O-O Bxd4 11. Bxd4 a6 12. Bf2 b5 13. Kb1 b4 14. Na4 a5 15.
Rc1 Ba6 16. Bxa6 Rxa6 17. c4 bxc3 18. Rxc3 Qb8 19. Rhc1 Qb5 20. Nc5 Nxc5 21. Rxc5 Qb7 22. Qc3 Rc8 23. Ka1 h6 24. g4 Rb8 25. Rc2 Nb4 26. Rc1 Rc6 27. Rxc6 Nxc6 28. Bc5 Qb5 29. Bd6 Rc8 30. a3 a4 31. f5 Na7 32. Qd2 Rxc1+ 33. Qxc1 Nc6 34. f6 Nd4 35. Qc8+ Kh7 36. fxg7 Qf1+ 37. Ka2 Kxg7 38. Qf8+ Kh7 39. Qe8 Nb3 40.
Qxa4 Nc1+ 41. Kb1 d4 42. Qc6 Ne2+ 43. Ka2 d3 44. Qe4+ Kg7 45. Qe3 Nc1+ 46. Kb1 d2 47.
Bf8+ Kg8 48. Qxh6 Qd3+ 49. Ka1 Nb3+ 50. Ka2 Qg6 51. Qxg6+ fxg6 0-1

[Event "*** SCC Grand Prix: Titled Tuesday Blitz"]
[Site "Chess.com"]
[Date "2020.07.21"]
[Round "7"]
[White "Sam_ChessMood"]
[Black "Yashasd1995"]
[Result "1-0"]
[WhiteElo "2794"]
[BlackElo "2546"]
[TimeControl "180+1"]
[EndTime "11:18:15 PDT"]
[Termination "Sam_ChessMood won by resignation"]

1. e4 d5 2. exd5 Nf6 3. Nf3 Nxd5 4. d4 g6 5. Be2 Bg7 6. O-O O-O 7. c4 Nb6 8. Nc3 Nc6 9. d5 Na5 10. c5 Nd7 11.
Be3 b6 12. c6 Ne5 13. Nxe5 Bxe5 14. Bd4 Bxd4 15. Qxd4 Nxc6 16. Qe3 Nb8 17. Rac1 Nd7 18. Nb5 Ba6 19. Nd4 Bxe2 20. Nc6 Qe8 21. Nxe7+ Kg7 22. Qxe2 Nf6 23. Rxc7 Nxd5 24. Qe5+ Nf6 25. g4 h6 26. h4 Qa4 27. f4 Qe4 28. g5 Qxe5 29. fxe5 Ne4 30.
Rf4 Nc5 31. Rf6 hxg5 32. hxg5 Rad8 33. Nxg6 Rd1+ 34. Kf2 Ne4+ 35. Ke2 Nxf6 36. gxf6+ Kxg6 37. Kxd1 Re8 38. Re7 Rd8+ 39. Kc2 Rd5 40. Kc3 a5 41. Kc4 Rc5+ 42. Kd4 Rb5 43. b3 a4 44. bxa4 Rb4+ 45.
Kc3 Rxa4 46. Kb3 Rd4 47. Rb7 Rd5 48. Rxb6 Rxe5 49. a4 Re6 50. Rxe6 fxe6 51. a5 Kxf6 52. a6 e5 53. a7 e4 54. a8=Q 1-0